 Dungeon Crawl Stone Soup version 0.17-a0-1443-g24042e0 (webtiles) character file.

581 zhaorenw the Conjurer (level 7, -2/50 HPs)
             Began as a Yellow Draconian Conjurer on June 27, 2015.
             Slain by a steam dragon (8 damage)
             ... on level 5 of the Dungeon.
             The game lasted 00:17:10 (6664 turns).

zhaorenw the Conjurer (Yellow Draconian Conjurer)   Turns: 6664, Time: 00:17:11

Health: -2/50      AC: 10    Str: 11    XL:     7   Next: 14%
Magic:  5/14       EV: 12    Int: 17    God:
Gold:   170        SH:  0    Dex: 11    Spells: 5 memorised, 1 level left

rFire  . . .     SeeInvis .     t - +2 hand axe (elec)
rCold  + . .     Clarity  .     (armour unavailable)
rNeg   . . .     SustAt   .     (no shield)
rPois  .         Gourm    .     (helmet restricted)
rElec  .         Spirit   .     v - +0 cloak
rCorr  +         Warding  .     m - +2 pair of gloves
rMut   .         Stasis   .     (no boots)
MR     .....                    (no amulet)
Stlth  ++........               (no ring)
                                e - ring of protection from cold {rC+, !d}

@: very slightly contaminated, not resistant to hostile enchantments, unstealthy
A: spit acid, acid resistance, unfitting armour, cold-blooded, AC +6
a: Spit Acid


You were on level 5 of the Dungeon.
You were very hungry.

You visited 1 branch of the dungeon, and saw 5 of its levels.

You collected 170 gold pieces.

Inventory:

Hand weapons
 l - a +0 blowgun
   (You took it off a kobold on level 3 of the Dungeon)
 t - a +2 hand axe of electrocution (weapon)
   (You took it off an orc on level 3 of the Dungeon)
Missiles
 g - 4 curare-tipped needles
Armour
 m - a +2 pair of gloves (worn)
   (You found it on level 2 of the Dungeon)
 v - a +0 cloak (worn)
   (You found it on level 4 of the Dungeon)
Jewellery
 e - a ring of protection from cold (left hand) {rC+, !d}
   (You found it on level 1 of the Dungeon)
 B - an uncursed ring of flight {unknown}
   (You found it on level 5 of the Dungeon)
Magical devices
 z - a wand of disintegration (16)
   (You found it on level 5 of the Dungeon)
Scrolls
 d - a scroll of enchant armour
 h - a scroll of teleportation
 j - a scroll of blinking {!r}
 w - a scroll of recharging
 x - a scroll of enchant weapon
 y - a scroll of summoning {unknown}
 A - a scroll of identify
Potions
 c - 2 potions of flight
 k - a potion of haste {unknown}
 n - a potion of poison {unknown}
 o - a potion of resistance {unknown}
 p - 3 potions of might {unknown}
 q - 2 potions of magic {unknown}
 r - a potion of curing {unknown}
 s - 2 potions of cure mutation {unknown}
Books
 a - a book of Conjurations
Comestibles
 b - 5 bread rations {@e1}
 f - a meat ration {@e2}
 i - 2 slices of pizza
 u - a beef jerky


   Skills:
 - Level 1.7 Dodging
 - Level 1.7 Stealth
 - Level 5.3 Spellcasting
 + Level 6.7 Conjurations


You had one spell level left.
You knew the following spells:

 Your Spells              Type           Power        Failure   Level  Hunger
a - Magic Dart            Conj           ####         1%          1    None
b - Searing Ray           Conj           ####..       1%          2    #......
c - Dazzling Spray        Conj/Hex       ###.....     12%         3    ##.....
x - Iskenderun's Mystic   Conj           ####....     10%         4    ####...
z - Iskenderun's Battles  Conj/Chrm      ###.....     89%         5    ######.


Dungeon Overview and Level Annotations

Branches:
Dungeon (5/15)
 Temple: D:4-7

Altars:
Ru
Yredelemnul


Innate Abilities, Weirdness & Mutations

You can spit globs of acid.
You are resistant to acid.
Your golden yellow scales are hard (AC +6).
Your body does not fit into most forms of armour.
You are cold-blooded and may be slowed by cold attacks.


Message History

b - 5 bread rations {@e1} (gained 1)
A steam dragon comes into view.
A steam dragon is nearby!
A steam dragon is nearby!
A steam dragon is nearby!
A steam dragon is nearby!
A steam dragon comes into view.
The steam dragon moves out of view.
Aim: a steam dragon The magic dart hits the fungus.
You now have 12/13 mp.
You see here 14 poisoned needles.
A steam dragon is nearby!
Okay, then.
Aim: a steam dragon The magic dart hits the steam dragon.
Okay, then.
Aim: a steam dragon (lightly wounded)
The magic dart hits the steam dragon.
You now have 11/13 mp.
Aim: a steam dragon (moderately wounded)
The magic dart hits the steam dragon.
You now have 10/13 mp.
Aim: a steam dragon (moderately wounded)
The searing ray hits the steam dragon.
The steam dragon breathes steam at you. The ball of steam misses you.
You now have 8/13 mp.
The steam dragon breathes steam at you. The ball of steam misses you.
The steam dragon breathes steam at you. The ball of steam misses you.
The steam dragon breathes steam at you. The ball of steam misses you.
Aim: a steam dragon (moderately wounded)
The searing ray hits the steam dragon.
The steam dragon breathes steam at you. The ball of steam hits you!
You take 21 damage, and have 24/45 hp.
MASSIVE DAMAGE!!
You now have 8/13 mp.
You are engulfed in a cloud of scalding steam.
You take 8 damage, and have 16/45 hp.
You now have 7/13 mp.
The searing ray hits the steam dragon.
You are engulfed in a cloud of scalding steam.
You are feeling very hungry.
You take 1 damage, and have 15/45 hp.
You now have 6/13 mp.
The searing ray hits the steam dragon.
You kill the steam dragon!
You have reached level 7!
Your scales start taking on a golden yellow colour.
You are engulfed in a cloud of scalding steam.
You now have 5/14 mp.
You are engulfed in a cloud of scalding steam.
* * * LOW HITPOINT WARNING * * *
You take 3 damage, and have 13/50 hp.
Found a brown potion.
Found a stone staircase leading down.
You now have 170 gold pieces (gained 10).
You start resting.
Read which item? (? for menu, Esc to quit)
Okay, then.
Drink which item? (? for menu, Esc to quit)
Okay, then.
q - 2 brown potions (gained 1)
You start resting.
You regained 5 hp, and now have 20/50 hp.
You regained 4 mp, and now have 11/14 mp.
Aim: a steam dragon (hasn't noticed you)
Okay, then.
Aim: a steam dragon (hasn't noticed you)
The spray of energy hits the steam dragon.
The steam dragon is dazzled.
You now have 8/14 mp.
Aim: a steam dragon (moderately wounded, blind)
The magic dart hits the steam dragon.
The steam dragon breathes steam at you. The ball of steam hits you!
* * * LOW HITPOINT WARNING * * *
You take 10 damage, and have 10/50 hp.
You now have 7/14 mp.
Aim: a steam dragon (moderately wounded, catching its breath, blind)
Okay, then.
Aim: a steam dragon (moderately wounded, catching its breath, blind)
You miscast Dazzling Spray.
You are very lightly contaminated with residual magic.
Nothing appears to happen.
You are engulfed in a cloud of scalding steam.
* * * LOW HITPOINT WARNING * * *
You take 3 damage, and have 7/50 hp.
You now have 4/14 mp.
You catch the helpless steam dragon completely off-guard!
You hit the steam dragon but do no damage.
You are engulfed in a cloud of scalding steam.
* * * LOW HITPOINT WARNING * * *
The steam dragon bites you but does no damage.
The steam dragon closely misses you.
You take 1 damage, and have 6/50 hp.
You barely miss the steam dragon.
You are engulfed in a cloud of scalding steam.
* * * LOW HITPOINT WARNING * * *
The steam dragon is no longer blind.
The steam dragon bites you!
You die...

##..# #####
#..##
##...######..#
##.......D....#
#...#########.#
#####...# #.#
........## #D#
# ##...##.D##
#.#######. #..#
##.@#
#.#....... #..
##..#
##...####.. #.
##..#
#...D.....# >.
### ##§..§....#
#########≈


You could see a steam dragon.

Vanquished Creatures
  A steam dragon (D:5)
  3 hounds
  2 worker ants (D:4)
  2 orc wizards (D:3)
  3 adders
  7 gnolls
  A shadow imp (D:5)
  3 adder zombies
  An adder skeleton (D:4)
  5 worms
  20 orcs
  9 bats
  2 bat skeletons
  5 giant cockroaches
  8 goblins
  12 hobgoblins
  2 jackals (D:3)
  10 kobolds
  6 giant geckos
  6 giant newts
  2 quokkas
  12 rats
122 creatures vanquished.

Vanquished Creatures (others)
  A fungus (D:5)
1 creature vanquished.

Grand Total: 123 creatures vanquished

Notes
Turn   | Place    | Note
--------------------------------------------------------------
     0 | D:1      | zhaorenw the Draconian Conjurer began the quest for the Orb.
     0 | D:1      | Reached XP level 1. HP: 14/14 MP: 3/3
   380 | D:1      | Reached XP level 2. HP: 15/20 MP: 0/5
  1314 | D:1      | Learned a level 2 spell: Searing Ray
  2378 | D:2      | Reached skill level 5 in Conjurations
  2378 | D:2      | Reached XP level 3. HP: 13/26 MP: 1/6
  3329 | D:3      | Reached XP level 4. HP: 30/33 MP: 7/7
  3371 | D:3      | Learned a level 3 spell: Dazzling Spray
  3420 | D:3      | Reached skill level 3 in Spellcasting
  3634 | D:3      | Reached XP level 5. HP: 36/38 MP: 5/10
  3900 | D:3      | Learned a level 4 spell: Iskenderun's Mystic Blast
  3910 | D:3      | Found a basalt altar of Yredelemnul.
  4236 | D:3      | Reached skill level 4 in Spellcasting
  4977 | D:4      | Reached XP level 6. HP: 36/45 MP: 2/13
  5450 | D:4      | Reached skill level 5 in Spellcasting
  5508 | D:4      | HP: 11/45 [poisoned by a worker ant]
  5514 | D:4      | HP: 9/45 [poisoned by a worker ant]
  5520 | D:4      | HP: 8/45 [poisoned by a worker ant]
  5528 | D:4      | HP: 7/45 [poisoned by a worker ant]
  5794 | D:4      | Learned a level 5 spell: Iskenderun's Battlesphere
  5900 | D:4      | Reached skill level 6 in Conjurations
  6194 | D:5      | Entered Level 5 of the Dungeon
  6377 | D:5      | Found a sacrificial altar of Ru.
  6588 | D:5      | Noticed a steam dragon
  6590 | D:5      | Noticed a steam dragon
  6617 | D:5      | Killed a steam dragon
  6617 | D:5      | Your scales start taking on a golden yellow colour.
  6617 | D:5      | Reached XP level 7. HP: 16/50 MP: 6/14
  6661 | D:5      | HP: 10/50 [steam dragon/ball of steam (10)]
  6664 | D:5      | Slain by a steam dragon

Vault maps used:
D:1:      minmay_arrival_four_houses, serial_co_window_serial,
          co_window_of_opportunity_a, co_window_corner_a, co_window_corner_a,
          co_window_paths_b, co_window_corner_a, co_window_unsneaky_path_e,
          co_window_of_opportunity_c, co_window_unsneaky_path_c,
          co_window_cross_4, co_window_4corner_a, glass_columns_a,
          glass_columns_c, glass_columns_c, glass_columns_a, minmay_ruptured
D:2:      eino_curves_01, roderic_lattice_a
D:3:      lemuel_round_altar
D:5:      kennysheep_steamy, nicolae_overflow_crystal_walls, first_bread

Action                   |  1- 3 |  4- 6 |  7- 9 || total
-------------------------+-------+-------+-------++-------
Melee: Unarmed           |     6 |       |       ||     6
       Dagger            |    80 |       |       ||    80
       Spear             |    17 |       |       ||    17
       Hand axe          |    22 |    65 |     2 ||    89
       Falchion          |     2 |    27 |       ||    29
       Short sword       |       |    10 |       ||    10
 Cast: Magic Dart        |    49 |    43 |     1 ||    93
       Searing Ray       |     6 |    13 |       ||    19
       Dazzling Spray    |       |     3 |     1 ||     4
       Iskenderun's Myst |       |     5 |       ||     5
  Use: Scroll            |     4 |     6 |       ||    10
 Stab: Sleeping          |     1 |     5 |       ||     6
       Invisible         |       |       |     1 ||     1
  Eat: Chunk             |     9 |    11 |       ||    20

Vault maps used:
D:1:      minmay_arrival_four_houses, serial_co_window_serial,
          co_window_of_opportunity_a, co_window_corner_a, co_window_corner_a,
          co_window_paths_b, co_window_corner_a, co_window_unsneaky_path_e,
          co_window_of_opportunity_c, co_window_unsneaky_path_c,
          co_window_cross_4, co_window_4corner_a, glass_columns_a,
          glass_columns_c, glass_columns_c, glass_columns_a, minmay_ruptured
D:2:      eino_curves_01, roderic_lattice_a
D:3:      lemuel_round_altar
D:5:      kennysheep_steamy, nicolae_overflow_crystal_walls, first_bread

Table legend:
 A = Turns spent in this place as a percentage of turns spent in the entire game.
 B = Non-inter-level travel turns spent in this place as a percentage of non-inter-level travel turns spent in the entire game.
 C = Inter-level travel turns spent in this place as a percentage of turns spent in this place.
 D = Turns resting spent in this place as a percentage of non-inter-level travel turns spent in this place.
 E = Turns spent auto-exploring this place as a percentage of non-inter-level travel turns spent in this place.
 F = Non-inter-level travel turns spent in this place divided by the number of levels of this place that you've seen.
                   A       B       C       D       E      F
               +-------+-------+-------+-------+-------+----------------------
         Total | 100.0 | 100.0 |   0.5 |   4.6 |   4.3 | 464.4
       Dungeon | 100.0 | 100.0 |   0.5 |   4.6 |   4.3 | 464.4
               +-------+-------+-------+-------+-------+----------------------

Table legend:
 A = Kills in this place as a percentage of kills in entire the game.
 B = Kills by you in this place as a percentage of kills by you in the entire game.
 C = Kills by friends in this place as a percentage of kills by friends in the entire game.
 D = Other kills in this place as a percentage of other kills in the entire game.
 E = Experience gained in this place as a percentage of experience gained in the entire game.
 F = Experience gained in this place divided by the number of levels of this place that you have seen.
                   A       B       C       D       E      F
               +-------+-------+-------+-------+-------+----------------------
         Total | 100.0 | 100.0 |  -nan |  -nan | 100.0 | 166.2
       Dungeon | 100.0 | 100.0 |  -nan |  -nan | 100.0 | 166.2
               +-------+-------+-------+-------+-------+----------------------
